 Dungeon Crawl Stone Soup version 0.27-a0-1595-g0b823d0a13 (webtiles) character file.

Game seed: 1013426348241926551

19 flotson the Sneak (level 2, -1/24 HPs)
             Began as a Demonspawn Delver on July 20, 2021.
             Succumbed to an adder's poison
             ... on level 2 of the Dungeon.
             The game lasted 00:02:50 (1327 turns).

flotson the Sneak (Demonspawn Delver)               Turns: 1327, Time: 00:02:50

Health: -1/24      AC:  3    Str: 12    XL:     2   Next: 55%
Magic:  2/2        EV: 12    Int: 11    God:
Gold:   41         SH:  0    Dex: 14    Spells: 1/1 levels left

rFire    . . .     SeeInvis .   a - +0 hand axe
rCold    . . .     Faith    .   (no shield)
rNeg     . . .     Spirit   .   b - +0 leather armour
rPois    .         Reflect  .   (helmet restricted)
rElec    .         Harm     .   (no cloak)
rCorr    .         Rampage  .   (no gloves)
Will     .....                  (no boots)
Stlth    ++........             (no amulet)
HPRegen  0.08/turn              (no ring)
MPRegen  0.08/turn              (no ring)

@: lethally poisoned (-1 -> -3)
A: antennae 1
a: no special abilities


You were on level 2 of the Dungeon.
You visited 1 branch of the dungeon, and saw 4 of its levels.

You collected 41 gold pieces.

Inventory:

Hand Weapons
 a - a +0 hand axe (weapon)
Armour
 b - a +0 leather armour (worn)
Wands
 g - a wand of digging (3)
Scrolls
 c - a scroll of fog
 d - 2 scrolls of identify {unknown}
 e - a scroll of magic mapping
 h - a scroll of teleportation {unknown}
Potions
 f - a potion of magic {unknown}


   Skills:
 + Level 3.2 Fighting
 + Level 2.1 Axes
 + Level 0.8 Armour
 + Level 2.1 Dodging
 - Level 4.5 Stealth


You had one spell level left.
You didn't know any spells.
Your spell library was empty.

Dungeon Overview and Level Annotations

Branches:
Dungeon (5/15)
 Temple: D:4-7

Altars:

Annotations:
D:4 3 runed translucent doors, robertstho's ghost, amateur VSIE


Innate Abilities, Weirdness & Mutations

You have a pair of small antennae on your head.


Message History

a +0 club; a kobold corpse
Found 9 gold pieces.
Found 19 poisoned darts.
You now have 41 gold pieces (gained 9).
You open the door. You open the door.
There is an open door here.
You see here 9 arrows.
f - a silvery potion An adder comes into view.
You closely miss the adder. The adder bites you.
You are poisoned.
The adder poisons you! The adder bites you.
You miss the adder.
You feel sick. The adder bites you.
You hit the adder.
The adder is heavily wounded.
You feel sick. The adder closely misses you. The adder barely misses you.
You miss the adder.
The adder is heavily wounded.
You feel sick. The adder bites you.
You are more poisoned.
The adder poisons you!
You barely miss the adder.
The adder is heavily wounded.
You feel sick. The adder bites you. The adder closely misses you.
You hit the adder.
The adder is heavily wounded.
You feel sick. The adder barely misses you.
The adder bites you but does no damage.
You closely miss the adder.
The adder is heavily wounded.
You feel sick. The adder bites you.
* * * LOW HITPOINT WARNING * * *
You barely miss the adder.
The adder is heavily wounded.
* * * LOW HITPOINT WARNING * * *
You feel sick. The adder bites you but does no damage. The adder misses you.
You hit the adder.
The adder is almost dead.
You die...

.. #...###.# #.......# .
.## #.......# #########
.. ..#####S##.# #. ..#
#.##.# #.# #.## .##.# #
#.####..###.##.# #.#
#...........##.# ###.#
#........S..##.# ....#
#........@..##.# ..#.#
#...........##.# ..+.#
#...........'..#
..#.#+##...........##.#
..+.....######...####.#.#
..#.....................#
..#..............####.###
.(.....#.........# #.#
.......#.........####.#


You could see an adder.

Vanquished Creatures
  An adder (D:5)
  A bat (D:2)
  4 kobolds
  A quokka (D:3)
  A ball python (D:4)
  A goblin (D:4)
  A rat (D:2)
10 creatures vanquished.

Notes
Turn   | Place    | Note
-------+----------+-------------------------------------------
     0 | D:5      | flotson the Demonspawn Delver began the quest for the Orb.
     0 | D:5      | Reached XP level 1. HP: 18/18 MP: 1/1
    55 | D:5      | Noticed a phantom
    88 | D:5      | Gained mutation: You have a pair of small antennae on your
                  | head. [demonic ancestry]
    88 | D:5      | Reached XP level 2. HP: 3/24 MP: 2/2
   361 | D:4      | Noticed robertstho's ghost (amateur VSIE)
   361 | D:4      | Noticed a kobold brigand
   364 | D:4      | Found a runed translucent gate.
   364 | D:4      | Found a runed translucent gate.
   364 | D:4      | Found a runed translucent gate.
  1326 | D:2      | HP: 1/24 [poisoned by an adder]
  1327 | D:2      | Succumbed to an adder's poison

Illustrated notes

Levels and vault maps discovered:
D:2:      layout_basic, hellmonk_ecumenical_altar_arch_garden
D:3:      layout_loops_ring, solitary_fountain, minmay_close_crescents
D:4:      layout_loops_corners, minmay_temple_entry_statues_pillars,
          serial_shops, shop_statue, gammafunk_ghost_nasty_kobolds,
          chequers_serial_rivers_marsh, st_stairs_3
D:5:      layout_loops_corners, fedhas_altar_decomposition, serial_shops, shop,
          minmay_misc_feat_diagonals, corexii_shack, minmay_small_thing

Skill      XL: |  1 |
---------------+----+-----
Axes           | 2 |  2.1
Dodging        | 2 |  2.1
Fighting       | |  3.2
Armour         | |  0.8
Stealth        | |  4.5

Action                   || total
-------------------------++-------
Melee: Hand axe          ||   104
  Use: Potion            ||     1
       Scroll            ||     2
 Stab: Sleeping          ||     1
Armor: Leather armour    ||    22
Dodge: Dodged            ||    71

Table legend: (Time is in decaauts)
 A = Elapsed time spent in this place.
 B = Non-inter-level travel time spent in this place.
 C = Inter-level travel time spent in this place.
 D = Time resting spent in this place.
 E = Time spent auto-exploring this place.
 F = Levels seen in this place.
 G = Mean time per level.
                   A        B        C        D        E       F      G
               +--------+--------+--------+--------+--------+-----+--------+
         Total |   1331 |   1331 |      0 |    240 |    775 |   4 |  332.8 |
       Dungeon |   1331 |   1331 |      0 |    240 |    775 |   4 |  332.8 |
               +--------+--------+--------+--------+--------+-----+--------+

Top non-repeatable levels by time:
     D:2: 585 daAuts
     D:4: 524 daAuts
     D:5: 127 daAuts
     D:3: 94 daAuts
